 Dungeon Crawl Stone Soup version 0.20.1-1-g8b1a95d (webtiles) character file.

4744 Greyaxe the Cleaver (level 10, -8/84 HPs)
             Began as a Minotaur Fighter on Aug 15, 2017.
             Was a Believer of Yredelemnul.
             Mangled by a two-headed ogre
             ... wielding a +0 giant club
              (17 damage)
             ... on level 8 of the Dungeon.
             The game lasted 00:45:26 (9627 turns).

Greyaxe the Cleaver (Minotaur Fighter)              Turns: 9627, Time: 00:45:31

Health: -8/84      AC: 12    Str: 25    XL:     10   Next: 22%
Magic:  9/9        EV: 16    Int:  5    God:    Yredelemnul [**....]
Gold:   469        SH: 11    Dex: 14    Spells: 9/9 levels left

rFire    . . .     SeeInvis .   a - +1 war axe
rCold    . . .     Gourm    .   c - +0 shield
rNeg     . . .     Faith    .   b - +2 scale mail
rPois    .         Spirit   .   (helmet restricted)
rElec    .         Reflect  .   (no cloak)
rCorr    .         Harm     .   (no gloves)
MR       .....                  (no boots)
Stlth    ++++......             (no amulet)
Regen    0.3/turn               (no ring)
MPRegen  0.2/turn               (no ring)

@: agile
A: retaliatory headbutt, horns 2, yellow scales 1, camouflage 1
a: Animate Remains, Recall Undead Slaves, Injury Mirror, Renounce Religion


You were on level 8 of the Dungeon.
You worshipped Yredelemnul.
Yredelemnul was pleased with you.
You were not hungry.

You visited 2 branches of the dungeon, and saw 9 of its levels.

You collected 469 gold pieces.

Inventory:

Hand Weapons
 a - a +1 war axe (weapon)
Armour
 b - a +2 scale mail (worn)
 c - a +0 shield (worn)
Jewellery
 j - an uncursed ring of positive energy {unknown}
 k - a +3 ring of intelligence {unknown}
 l - an uncursed amulet of guardian spirit {unknown}
 m - an uncursed ring of protection from fire {unknown}
 n - an uncursed ring of fire {unknown}
 r - an uncursed ring of flight {unknown}
 u - an uncursed ring of protection from fire {unknown}
 v - an uncursed ring of resist corrosion {unknown}
Wands
 p - a wand of random effects (22/48)
 t - a wand of flame (48/48)
 y - a wand of flame (20/48)
 A - a wand of flame (39/48)
Scrolls
 d - a scroll of fog
 i - 3 scrolls of teleportation
 o - 4 scrolls of amnesia
 q - a scroll of remove curse
 s - a scroll of recharging
 B - 2 scrolls of identify
Potions
 e - 3 potions of curing
 h - 2 potions of magic
Comestibles
 f - 6 meat rations
 g - 11 royal jellies
 x - 6 bread rations
 z - a fruit


   Skills:
 + Level 6.7 Fighting
 + Level 10.6 Axes
 + Level 8.1 Armour
 + Level 4.1 Dodging
 * Level 5.9 Stealth
 + Level 7.6 Shields
 + Level 0.6 Invocations


You had 9 spell levels left.
You didn't know any spells.

Dungeon Overview and Level Annotations

Branches:
Dungeon (8/15)             Temple (1/1) D:6            Lair (0/6) D:8

Altars:
Ashenzari
Cheibriados
Dithmenos
Elyvilon
Fedhas
Gozag
Hepliaklqana
Kikubaaqudgha
Makhleb
Nemelex Xobeh
Okawaru
Qazlal
Ru
Sif Muna
Uskayaw
Vehumet
Xom
Yredelemnul
Zin
The Shining One

Annotations:
D:5 2 transporters


Innate Abilities, Weirdness & Mutations

You reflexively headbutt those who attack you in melee.
You have a pair of horns on your head.
You are partially covered in yellow scales. (AC +2)
Your skin changes colour to match your surroundings (Stealth+).


Message History

The two-headed ogre is lightly wounded.
The two-headed ogre barely misses you. x2
You slash the two-headed ogre!
The two-headed ogre is heavily wounded.
The two-headed ogre hits you with a giant club! x2
You hit the two-headed ogre. You headbutt the two-headed ogre!
The two-headed ogre is severely wounded.
You hit the two-headed ogre but do no damage.
You headbutt the two-headed ogre.
The two-headed ogre is severely wounded.
The two-headed ogre hits you with a giant club.
The two-headed ogre hits you with a giant club!!
* * * LOW HITPOINT WARNING * * *
It was a potion of agility.
You feel agile all of a sudden.
The two-headed ogre hits you with a giant club!
* * * LOW HITPOINT WARNING * * *
The two-headed ogre hits you with a giant club!
You die...
Your body rises from the dead as a mindless zombie.

#..# #.# #
#..######.########
#....>............
#...ZZ.##....#####
#.####.#####.# #
#.# #.#####Z#####
#Z# #............
#Z# #######Z#####
#@# #.# ## #O#
#####.# #. #.#
#.Z...# #. #.#
#Z##### #. #.# #Z#
## #># #Z# # #.#
#.#### #.#
#....###
#######).)..#


You could see a two-headed ogre, a friendly crocodile zombie and a friendly
scorpion zombie.

Vanquished Creatures
  A troll (D:7)
  A wyvern (D:8)
  A human (D:7)
  The ghost of TheGuigne the Chopper, an amateur HOFi (D:4)
  Grum (D:8)
  4 hogs (D:7)
  A hungry ghost (D:7)
  2 orc warriors
  3 ice beasts
  A sky beast (D:5)
  An ogre (D:6)
  2 wolves (D:8)
  2 phantoms
  3 centaurs
  3 crocodiles (D:8)
  The ghost of dscm the Sneak, an amateur OpEE (D:3)
  3 bullfrogs (D:6)
  A wyvern zombie (D:7)
  4 scorpions
  A killer bee (D:7)
  A crimson imp (D:5)
  A bullfrog zombie (D:5)
  A quasit (D:8)
  3 centaur skeletons
  4 hounds
  2 jellies
  5 orc wizards
  A bullfrog skeleton (D:6)
  Terence (D:2)
  Crazy Yiuf (D:2)
  Natasha (thrice) (D:2)
  4 iguanas
  8 worker ants
  A killer bee zombie (D:6)
  A worker ant zombie (D:8)
  11 adders
  3 shadow imps
  2 oozes (D:1)
  2 adder skeletons
  An adder zombie (D:5)
  A worm (D:2)
  4 dart slugs
  2 leopard geckos
  23 orcs
  5 bats
  7 giant cockroaches
  13 goblins
  8 hobgoblins
  5 jackals
  2 quokkas
  4 ball pythons
  8 frilled lizards
  6 kobolds
  10 rats
191 creatures vanquished.

Vanquished Creatures (collateral kills)
  A swamp drake (D:8)
  A wyvern zombie (D:8)
  A crocodile zombie (D:8)
3 creatures vanquished.

Vanquished Creatures (others)
  A worker ant zombie (D:8)
1 creature vanquished.

Grand Total: 195 creatures vanquished

Notes
Turn   | Place    | Note
-------+----------+-------------------------------------------
     0 | D:1      | Greyaxe the Minotaur Fighter began the quest for the Orb.
     0 | D:1      | Reached XP level 1. HP: 19/19 MP: 0/0
   136 | D:1      | Reached XP level 2. HP: 14/27 MP: 1/1
   444 | D:1      | Reached XP level 3. HP: 24/33 MP: 2/2
   549 | D:1      | Reached skill level 3 in Axes
  1127 | D:2      | Noticed Terence
  1136 | D:2      | Killed Terence
  1136 | D:2      | Reached XP level 4. HP: 40/40 MP: 3/3
  1167 | D:2      | Noticed Natasha
  1174 | D:2      | Killed Natasha
  1174 | D:2      | Reached skill level 4 in Axes
  1426 | D:2      | Reached skill level 1 in Stealth
  1529 | D:2      | Reached XP level 5. HP: 44/46 MP: 4/4
  1725 | D:2      | Noticed Natasha
  1738 | D:2      | Killed Natasha
  1951 | D:2      | Noticed Natasha
  1959 | D:2      | Killed Natasha
  2012 | D:2      | Found a runed door.
  2016 | D:2      | Noticed Crazy Yiuf
  2019 | D:2      | Killed Crazy Yiuf
  2298 | D:3      | Noticed dscm's ghost (amateur OpEE)
  2323 | D:3      | Killed dscm's ghost
  2323 | D:3      | Reached skill level 5 in Axes
  2323 | D:3      | Reached XP level 6. HP: 35/53 MP: 5/5
  2946 | D:4      | Noticed TheGuigne's ghost (amateur HOFi)
  2953 | D:4      | Reached skill level 1 in Dodging
  2954 | D:4      | Reached skill level 5 in Armour
  2958 | D:4      | Killed TheGuigne's ghost
  2958 | D:4      | Reached skill level 5 in Shields
  2958 | D:4      | Reached XP level 7. HP: 36/60 MP: 6/6
  3379 | D:4      | Found a sacrificial altar of Ru.
  4023 | D:5      | Entered Level 5 of the Dungeon
  4039 | D:5      | Found a transporter.
  4066 | D:5      | Found a transporter.
  4092 | D:5      | Reached skill level 6 in Axes
  4228 | D:5      | Reached skill level 5 in Fighting
  4283 | D:5      | Found a shadowy altar of Dithmenos.
  4369 | D:5      | Gained mutation: Your skin changes colour to match your surroundings (Stealth+). [potion of mutation]
  4369 | D:5      | Gained mutation: You are partially covered in yellow scales. (AC +2) [potion of mutation]
  4548 | D:5      | Reached XP level 8. HP: 59/68 MP: 7/7
  5063 | D:6      | Reached skill level 7 in Axes
  5078 | D:6      | Found a white marble altar of Elyvilon.
  5078 | D:6      | Found a sparkling altar of Nemelex Xobeh.
  5531 | D:6      | Reached skill level 8 in Axes
  5626 | D:6      | Found a staircase to the Ecumenical Temple.
  5635 | Temple   | Entered the Ecumenical Temple
  5651 | Temple   | Became a worshipper of Yredelemnul the Dark
  6443 | D:7      | Found a radiant altar of Vehumet.
  6479 | D:7      | Reached XP level 9. HP: 37/74 MP: 8/8
  6487 | D:7      | Reached skill level 9 in Axes
  6799 | D:7      | Reached skill level 5 in Stealth
  6811 | D:7      | Found an opulent altar of Gozag.
  7042 | D:7      | Found a glowing golden altar of the Shining One.
  7057 | D:7      | Noticed a troll
  7083 | D:7      | Killed a troll
  7090 | D:7      | Reached * piety under Yredelemnul
  7476 | D:7      | Reached skill level 10 in Axes
  7630 | D:7      | Identified a scroll of acquirement
  8570 | D:8      | Reached XP level 10. HP: 77/84 MP: 6/9
  8732 | D:8      | Found a staircase to the Lair.
  9134 | D:8      | Found a radiant altar of Vehumet.
  9387 | D:8      | Noticed Grum
  9401 | D:8      | Killed Grum
  9401 | D:8      | Reached ** piety under Yredelemnul
  9618 | D:8      | Noticed a two-headed ogre
  9627 | D:8      | Mangled by a two-headed ogre

Skill      XL: |  1  2  3  4  5  6  7  8  9 10 |
---------------+-------------------------------+-----
Fighting       | 4 5 6 |  6.7
Armour         | 4 5 6 7 8 |  8.1
Axes           | 3 4 5 6 8 10 | 10.6
Shields        | 4 5 6 7 |  7.6
Stealth        | 1 2 3 4 5 |  5.9
Dodging        | 1 2 3 4 |  4.1
Invocations    | |  0.6

Action                   |  1- 3 |  4- 6 |  7- 9 | 10-12 || total
-------------------------+-------+-------+-------+-------++-------
Melee: War axe           |    83 |   113 |   325 |    78 ||   599
       Headbutt          |    10 |    17 |    59 |    18 ||   104
Invok: Animate Remains   |       |       |     3 |     2 ||     5
  Use: Scroll            |     4 |       |     9 |       ||    13
       Potion            |     3 |     1 |    11 |     1 ||    16
 Stab: Sleeping          |       |       |     3 |     1 ||     4
       Invisible         |       |       |     2 |       ||     2
       Distracted        |       |       |     1 |       ||     1
  Eat: Bread ration      |     1 |       |       |       ||     1
       Meat ration       |       |     1 |     6 |       ||     7
Armor: Scale mail        |    43 |    54 |   112 |    21 ||   230
Dodge: Dodged            |    14 |    33 |    94 |    30 ||   171
Block: Shield            |    46 |    62 |   175 |    31 ||   314
